Map: Orbital Shipyard

Players

Zera - Winner!

  • Race: Zerg Zerg
  • League: Platinum

Redinferno

  • Race: Protoss Protoss
  • League: Master

VOD

Have the link to the VOD?

Description

Time

  • Played on: Nov. 16, 2015, 12:55 a.m.
  • Length: 11:21
Show
View Real Time Build Order
Export as new Build Order

Zera Zerg - Winner!

Build Orders: Hatch First 

Get SALT Encoding   

  12  0:01  Drone  
  13  0:10  Drone  
  14  0:18  Overlord  
  14  0:27  Drone, Extractor  
  15  0:49  Hatchery  
  14  0:52  Drone  
  16  0:57  Drone  
  16  1:01  Extractor  
  15  1:16  Spawning Pool  
  14  1:27  Drone x2  
  16  1:41  Drone  
  17  1:52  Drone  
  18  2:07  Zergling x2  
  18  2:08  Zergling x4  
  21  2:14  Zergling x2  
  21  2:15  Spine Crawler  
  21  2:37  Drone x2  
  23  2:44  Queen  
  23  2:48  Drone  
  23  2:57  Zergling x4  
  24  3:03  Drone x2  
  24  3:04  Drone  
  27  3:08  Zergling x2  
  27  3:28  Drone  
  27  3:29  Overlord x2  
  27  3:41  Overlord  
  27  3:46  Queen  
  27  3:47  Zergling x4  
  27  3:48  Zergling x2  
  32  3:52  Extractor  
  32  3:55  Drone  
  32  3:56  Roach Warren  
  32  3:59  Drone  
  32  4:04  Drone x2  
  34  4:15  Drone x2  
  36  4:20  Overlord  
  36  4:22  Drone x2  
  37  4:37  Roach  
  37  4:38  Roach x4  
  45  4:41  Roach  
  48  4:50  Roach  
  52  4:52  Roach  
  52  5:02  Roach x2  
  56  5:12  Roach x2  
  60  5:14  Overlord x2  
  60  5:24  Overlord x2  
  60  5:32  Extractor x2  
  60  5:33  Drone x4  
  62  5:42  Drone x3  
  64  5:48  Overlord  
  64  5:53  Roach x3  
  68  5:58  Roach  
  68  6:03  Roach  
  68  6:04  Drone x2, Overlord  
  67  6:15  Drone x3  
  68  6:18  Extractor  
  68  6:19  Drone x2  
  69  6:30  Lair  
  69  6:31  Drone x3  
  70  6:35  Drone  
  67  6:41  Roach x3  
  67  6:42  Drone  
  70  6:48  Drone  
  70  6:53  Drone  
  72  6:56  Spore Crawler  
  72  6:57  Spore Crawler  
  68  7:03  Roach  
  68  7:04  Roach x3  
  76  7:16  Roach x2  
  76  7:21  Roach  
  78  7:25  Roach  
  78  7:26  Roach x2  
  78  7:28  Roach x2  
  78  7:29  Roach  
  84  7:30  Glial Reconstitution  
  84  7:35  Roach x2  
  80  7:40  Roach  
  80  7:41  Spine Crawler x2  
  80  7:43  Roach  
  78  7:55  Roach x2  
  82  7:59  Roach  
  82  8:05  Drone  
  85  8:11  Drone  
  86  8:16  Drone  
  86  8:17  Hydralisk Den  
  86  8:18  Evolution Chamber  
  86  8:19  Hatchery, Evolution Chamber  
  83  8:24  Drone x3  
  86  8:33  Drone x3  
  89  8:39  Drone  
  88  8:49  Muscular Augments  
  88  8:50  Zerg Missile Weapons Level 1, Zerg Ground Armor Level 1  
  88  8:53  Drone x2  
  88  8:54  Drone x3, Overlord  
  89  8:57  Hatchery  
  82  9:08  Drone  
  82  9:09  Drone x2  
  75  9:18  Drone  
  72  9:25  Hydralisk x4  
  72  9:29  Extractor  
  79  9:33  Hydralisk x2  
  79  9:34  Queen, Hydralisk x2, Extractor  
  79  9:35  Hydralisk  
  79  9:38  Drone x2  
  92  9:44  Spore Crawler  
  92  9:45  Hydralisk x2  
  95  9:49  Roach x2  
  95  9:52  Hydralisk  
  99  9:56  Overseer  
  99  9:57  Hydralisk x2  
  103  10:05  Roach x3  
  109  10:10  Roach  
  109  10:11  Roach  
  113  10:14  Infestation Pit  
  113  10:15  Drone x2  
  113  10:16  Drone  
  113  10:17  Drone  
  113  10:20  Drone x2  
  118  10:23  Queen  
  118  10:26  Drone x2  
  122  10:36  Drone  
  122  10:37  Drone x4  
  122  10:39  Drone, Overlord  
  128  10:48  Hydralisk x2  
  128  10:52  Roach x2  
  128  10:55  Roach x3  
  128  10:56  Overlord  
  126  11:00  Overlord  
  126  11:01  Overlord x2  
Show
View Real Time Build Order
Export as new Build Order

Redinferno Protoss 

Build Orders: Cannon Rush 

Get SALT Encoding   

  12  0:10  Pylon  
  12  0:28  Forge  
  12  0:30  Probe (Chrono Boost)  
  13  0:51  Pylon  
  13  1:13  Pylon  
  13  1:22  Pylon  
  13  1:27  Photon Cannon  
  13  1:44  Photon Cannon  
  13  1:53  Photon Cannon  
  12  2:09  Pylon, Photon Cannon  
  12  2:10  Photon Cannon  
  12  2:18  Photon Cannon  
  12  2:49  Gateway  
  12  2:50  Photon Cannon  
  12  2:52  Pylon  
  12  2:54  Photon Cannon  
  12  2:56  Photon Cannon  
  12  3:10  Photon Cannon  
  12  3:15  Probe (Chrono Boost)  
  13  3:30  Probe (Chrono Boost)  
  14  3:38  Zealot (Chrono Boost)  
  14  3:41  Probe  
  17  3:53  Probe  
  18  3:58  Assimilator  
  18  4:02  Zealot (Chrono Boost)  
  20  4:05  Probe (Chrono Boost)  
  21  4:16  Probe (Chrono Boost)  
  22  4:18  Cybernetics Core  
  22  4:28  Zealot  
  24  4:46  Probe (Chrono Boost)  
  25  4:57  Warp Gate (Chrono Boost)  
  27  5:01  Assimilator  
  25  5:10  Probe (Chrono Boost)  
  26  5:15  Gateway x2  
  26  5:17  Gateway  
  26  5:20  Stalker  
  28  5:35  Photon Cannon  
  26  6:09  Stalker (Chrono Boost)  
  26  6:10  Stalker x2 (Chrono Boost)  
  30  6:11  Stalker (Chrono Boost)  
  30  6:24  Photon Cannon  
  30  6:58  Adept  
  30  6:59  Adept x3  
  38  7:19  Adept  
  38  7:20  Adept  
  42  7:27  Adept  
  34  7:42  Adept  
  25  8:07  Sentry x2, Nexus  
  25  8:08  Sentry  
  25  8:12  Probe (Chrono Boost)  
  32  8:23  Probe (Chrono Boost)  
  33  8:30  Pylon  
  33  8:32  Pylon  
  31  8:50  Stalker x2  
  35  9:04  Sentry  
  35  9:05  Zealot  
  33  9:21  Stalker x2  
  33  9:23  Probe (Chrono Boost)  
  38  9:25  Probe (Chrono Boost)  
  39  9:34  Probe (Chrono Boost)  
  39  9:35  Probe (Chrono Boost)  
  41  9:45  Probe (Chrono Boost)  
  42  9:46  Probe (Chrono Boost)  
  43  9:55  Probe (Chrono Boost)  
  43  9:56  Probe (Chrono Boost)  
  45  10:02  Twilight Council  
  45  10:06  Probe (Chrono Boost)  
  47  10:07  Probe (Chrono Boost)  
  45  10:16  Probe (Chrono Boost)  
  45  10:17  Sentry  
  45  10:18  Sentry x3  
  54  10:45  Stalker x4  
  56  11:01  Probe (Chrono Boost)  
  57  11:09  Zealot x3  
Tags
 
Add a new tag
Caveats
  • Supply blocks, unpowered buildings, or Contaminate may cause inaccurate times.
  • Supply counts are checked every 10 seconds.